 Dungeon Sprint DCSS version 0.32-a0-42-ga30500b4d3 (webtiles) character file.

Game seed: 2142516513578075117

5821 rocky1 the Fencer (level 10, -10/82 HPs)
             Began as a Demonspawn Gladiator on Jan 27, 2024.
             Was the Champion of Cheibriados.
             Blown up by a great orb of eyes (23 damage)
             ... with a mindburst bolt
             ... in the Dungeon (Sprint VII: "The Pits").
             The game lasted 00:04:15 (1186 turns).

rocky1 the Fencer (Demonspawn Gladiator)            Turns: 1186, Time: 00:04:16

Health: -10/82     AC: 12    Str: 32    XL:     10   Next: 51%
Magic:  9/19       EV: 36    Int: 23    God:    Cheibriados [******]
Gold:   0          SH:  0    Dex: 35    Spells: 9/9 levels left

rFire   . . .        p - melded +2 scimitar "Kesunor" {heavy, Str+2}
rCold   . . .        (shield currently unavailable)
rNeg    + + +        w - melded +3 plate armour
rPois   +            c - melded +0 helmet
rElec   .            u - melded +0 cloak
rCorr   .            v - melded +0 pair of gloves
SInv    .            (boots currently unavailable)
Will    .....        (no amulet)
Stlth   +++          b - +3 ring of strength
HPRegen 0.33/turn    h - +3 ring of evasion
MPRegen 0.32/turn

%: no teleportation
@: fungus-form, very slow
A: melee confuse, terrified, no casting, tiny, (slimy green scales 2), foul
stench 1, magic regeneration, (weakness stinger 2)
a: Renounce Religion, Bend Time, Temporal Distortion, Slouch, Step From Time


You were in the Dungeon.
You worshipped Cheibriados.
Cheibriados was exalted by your worship.
You were a sentient fungus.
You visited 1 branch

Inventory:

Hand Weapons
 a - a +0 long sword
 p - the +2 scimitar "Kesunor" (melded) {heavy, Str+2}
   (You found it in the Dungeon)

   Str+2:     It affects your strength (+2).
Missiles
 d - 3 throwing nets (quivered)
 e - a javelin
 f - 16 poisoned darts
Armour
 c - a +0 helmet (melded)
 u - a +0 cloak (melded)
 v - a +0 pair of gloves (melded)
 w - a +3 plate armour (melded)
Jewellery
 b - a +3 ring of strength (left hypha)
 h - a +3 ring of evasion (right hypha)
Scrolls
 k - a scroll of blinking
 m - 2 scrolls of vulnerability
 n - 5 scrolls of amnesia
 o - a scroll of butterflies
Potions
 g - 5 potions of heal wounds
 i - 4 potions of magic
 j - 5 potions of berserk rage
 l - 2 potions of invisibility
 q - 6 potions of curing
 r - 2 potions of brilliance
 s - a potion of mutation
 t - a potion of resistance


   Skills:
 + Level 8.5 Fighting
 * Level 15.9 Long Blades
 + Level 2.8 Throwing
 + Level 9.1 Armour
 + Level 8.2 Dodging
 + Level 2.4 Stealth
 * Level 13.2 Invocations


You had 9 spell levels left.
You didn't know any spells.
Your spell library was empty.

Dungeon Overview and Level Annotations

Branches:
Dungeon (1/1)

Altars:
Ashenzari
Cheibriados
Dithmenos
Fedhas
Gozag
Hepliaklqana
Kikubaaqudgha
Makhleb
Nemelex Xobeh
Okawaru
Qazlal
Ru
Sif Muna
Trog
Uskayaw
Vehumet
Wu Jian
Xom
Yredelemnul
Jiyva
Lugonu


Innate Abilities, Weirdness & Mutations

You are a sentient fungus.
You are tiny and evasive.
Your melee attack releases spores that confuse breathing creatures.
You become terrified and freeze when enemies are visible.
Your armour is entirely melded.
You are incapable of wielding weapons or throwing items.
You cannot cast spells.
((You are mostly covered in slimy green scales. (AC +3)))
You may rarely emit foul miasma when damaged in melee.
You regenerate magic rapidly.
((You have a tail ending in a sharp stinger.))


Message History

The wolf is lightly wounded.
The wolf barely misses you.
The wind drake exhales a fierce blast of wind!
You are knocked back by the gust of wind.
The wolf is knocked back by the gust of wind.
The wolf slams into the metal wall!
The wolf dies!
The wind drake barely misses you. The great orb of eyes gazes at you.
Your mind is blasted!
Ouch! That really hurt!
* * * LOW HITPOINT WARNING * * *
The wind drake bites you but does no damage.
You are too injured to fight recklessly!
You are too injured to fight recklessly!
Unknown command.
Okay, then.
Activating: Slouch (0% risk of failure)
Press: ? - help, Dir - look around, f - activate You can feel time thicken for a moment.
You destroy the wight!
Cheibriados appreciates the change of pace.
The wind drake flaps its wings at you. The air twists around and strikes you.
* * * LOW HITPOINT WARNING * * *
The great orb of eyes gazes at you.
You turn into a sentient fungus.
The +2 scimitar "Kesunor" {heavy, Str+2} melds into your body.
Your +0 cloak melds into your body.
Your +0 helmet melds into your body.
Your +0 pair of gloves melds into your body.
Your +3 plate armour melds into your body.
The wind drake bites you.
* * * LOW HITPOINT WARNING * * *
Unknown command.
Activating: Slouch (0% risk of failure)
Press: ? - help, Dir - look around, f - activate You can feel time thicken for a moment.
The great orb of eyes gazes at you.
Your mind is blasted!
You die...

###'##................#
))'.##......#..#......#
###.##................+
....)'................+
)#####......#..#......#
.#..##..........†.....#
.#))#####'#####''######
.#))##.......##'†#
##))##.......##.f##
.#[.##.......##)Gk##
.#'###...<...###..H##'##..
....##.......# ##.))......
....##.......# #))###'###.
######.......##..## ..
.#..###########..§ ..'
.#.############.. ##
.#)#....#....###.


You could see a great orb of eyes, a wind drake (repels missiles) and a
manticore.

Vanquished Creatures
  A phantasmal warrior (D)
  6 elephants (D)
  An orange demon (D)
  2 kobold demonologists (D)
  5 blink frogs (D)
  Sigmund (D)
  A shadow (D)
  A fire bat (D)
  A basilisk (D)
  2 black bears (D)
  A sky beast (D)
  3 ogres (D)
  5 kobold brigands (D)
  A scorpion (D)
  A wight (D)
  A river rat (D)
  An orc (D)
  A goblin (D)
  A hobgoblin (D)
  4 jackals (D)
  6 kobolds (D)
  A quokka (D)
  A bat (D)
  A frilled lizard (D)
49 creatures vanquished.

Vanquished Creatures (others)
  A wolf (D)
1 creature vanquished.

Grand Total: 50 creatures vanquished

Notes
Turn   | Place    | Note
-------+----------+-------------------------------------------
     0 | D        | rocky1 the Demonspawn Gladiator began the quest for the
                  | Orb.
     0 | D        | Reached XP level 1. HP: 16/16 MP: 1/1
    14 | D        | Reached skill level 3 in Long Blades
    18 | D        | Found a bloodstained altar of Trog.
    18 | D        | Found a shimmering blue altar of Sif Muna.
    18 | D        | Found a viscous altar of Jiyva.
    18 | D        | Found a hazy altar of Hepliaklqana.
    18 | D        | Found an opulent altar of Gozag.
    19 | D        | Found a basalt altar of Yredelemnul.
    19 | D        | Found a shimmering altar of Xom.
    19 | D        | Found an ornate altar of the Wu Jian Council.
    19 | D        | Found a sacrificial altar of Ru.
    19 | D        | Found a stormy altar of Qazlal.
    19 | D        | Found an iron altar of Okawaru.
    19 | D        | Found a sparkling altar of Nemelex Xobeh.
    19 | D        | Found a burning altar of Makhleb.
    19 | D        | Found a blossoming altar of Fedhas.
    19 | D        | Found a shadowy altar of Dithmenos.
    19 | D        | Found a snail-covered altar of Cheibriados.
    22 | D        | Found a corrupted altar of Lugonu.
    22 | D        | Found a radiant altar of Vehumet.
    23 | D        | Found an ancient bone altar of Kikubaaqudgha.
    23 | D        | Found a hide-covered altar of Uskayaw.
    23 | D        | Found a broken altar of Ashenzari.
    30 | D        | Became a worshipper of Cheibriados the Contemplative
    71 | D        | Gained mutation: You are partially covered in slimy green
                  | scales. (AC +2) [demonic ancestry]
    71 | D        | Reached XP level 2. HP: 21/23 MP: 2/2
    73 | D        | Reached * piety under Cheibriados
    80 | D        | Reached ** piety under Cheibriados
    84 | D        | Reached *** piety under Cheibriados
    90 | D        | Noticed a scorpion
    90 | D        | Noticed a kobold brigand
   101 | D        | Killed a scorpion
   102 | D        | Reached skill level 5 in Long Blades
   102 | D        | Reached skill level 1 in Stealth
   102 | D        | Reached XP level 3. HP: 17/29 MP: 2/5
   102 | D        | Gained mutation: You may rarely emit foul miasma when
                  | damaged in melee. [demonic ancestry]
   102 | D        | Reached XP level 4. HP: 20/35 MP: 2/6
   106 | D        | Reached skill level 5 in Dodging
   109 | D        | Killed a kobold brigand
   109 | D        | Reached **** piety under Cheibriados
   110 | D        | Reached skill level 6 in Long Blades
   110 | D        | Reached skill level 1 in Armour
   110 | D        | Gained mutation: You have a small tail. [demonic ancestry]
   110 | D        | Reached XP level 5. HP: 19/41 MP: 2/8
   195 | D        | Noticed an ogre
   197 | D        | Reached ***** piety under Cheibriados
   201 | D        | Killed an ogre
   202 | D        | Reached skill level 7 in Long Blades
   202 | D        | Reached skill level 5 in Invocations
   204 | D        | Noticed an ogre
   213 | D        | Killed an ogre
   214 | D        | Gained mutation: You regenerate magic rapidly. [demonic
                  | ancestry]
   214 | D        | Reached XP level 6. HP: 27/49 MP: 9/11
   294 | D        | Reached skill level 8 in Long Blades
   294 | D        | Noticed a fire bat
   307 | D        | Killed a fire bat
   308 | D        | Reached skill level 9 in Long Blades
   308 | D        | Reached XP level 7. HP: 39/55 MP: 11/13
   373 | D        | Noticed an orange demon
   389 | D        | Killed an orange demon
   389 | D        | Reached ****** piety under Cheibriados
   390 | D        | Reached skill level 5 in Fighting
   838 | D        | Noticed Sigmund
   841 | D        | Reached skill level 10 in Long Blades
   849 | D        | Killed Sigmund
   850 | D        | Reached skill level 5 in Armour
   850 | D        | Gained mutation: You have a tail ending in a sharp stinger.
                  | [demonic ancestry]
   850 | D        | Reached XP level 8. HP: 63/64 MP: 15/15
   969 | D        | Reached skill level 10 in Invocations
  1048 | D        | Got the +2 scimitar "Kesunor" {heavy, Str+2}
  1108 | D        | Noticed a blink frog
  1108 | D        | Noticed a blink frog
  1108 | D        | Noticed a blink frog
  1108 | D        | Noticed a blink frog
  1109 | D        | Noticed a blink frog
  1111 | D        | Killed a blink frog
  1111 | D        | Killed a blink frog
  1111 | D        | Killed a blink frog
  1111 | D        | Killed a blink frog
  1112 | D        | Reached skill level 12 in Long Blades
  1112 | D        | Gained mutation: You are mostly covered in slimy green
                  | scales. (AC +3) [demonic ancestry]
  1112 | D        | Reached XP level 9. HP: 70/72 MP: 10/17
  1118 | D        | Reached skill level 13 in Long Blades
  1123 | D        | Noticed a kobold demonologist
  1125 | D        | Noticed an elephant
  1129 | D        | Noticed a kobold demonologist
  1131 | D        | Killed an elephant
  1132 | D        | Noticed an orange demon
  1137 | D        | Killed a kobold demonologist
  1141 | D        | Killed a kobold demonologist
  1142 | D        | Reached skill level 14 in Long Blades
  1152 | D        | Noticed a phantasmal warrior
  1153 | D        | Noticed an elephant
  1156 | D        | Noticed an elephant
  1156 | D        | Noticed an elephant
  1156 | D        | Noticed an elephant
  1157 | D        | Noticed an elephant
  1158 | D        | Killed a phantasmal warrior
  1159 | D        | Reached XP level 10. HP: 55/80 MP: 19/19
  1164 | D        | Killed an elephant
  1165 | D        | Reached skill level 15 in Long Blades
  1170 | D        | Killed an elephant
  1170 | D        | Noticed a manticore
  1174 | D        | Killed an elephant
  1177 | D        | Killed an elephant
  1179 | D        | Killed an elephant
  1181 | D        | Noticed a great orb of eyes
  1186 | D        | Blown up by a great orb of eyes

Illustrated notes

Levels and vault maps discovered:
D:        pitsprint [storerooms_1, entrance_room_1, metal_vault_5, armoury_3,
          mini_pit_1, grid_room_1, main_hall_1, silver_pit, the_coven_3,
          the_vestibule_1, steel_vault_5, golden_pit, hallway_of_sentries,
          crystal_vault_4, iron_vault_3, final_vault]

Skill      XL: |  1  2  3  4  5  6  7  8  9 10 |
---------------+-------------------------------+-----
Long Blades    | 3 5 6 7 9 10 12 14 15 | 15.9
Dodging        | 3 4 5 6 7 8 |  8.2
Throwing       | 2 |  2.8
Fighting       | 3 4 5 7 8 |  8.5
Stealth        | 1 2 |  2.4
Invocations    | 3 4 6 8 9 11 12 13 | 13.2
Armour         | 1 2 3 5 7 8 9 |  9.1

Action                     |  1- 3 |  4- 6 |  7- 9 | 10-12 || total
---------------------------+-------+-------+-------+-------++-------
  Melee: Long sword        |    23 |    31 |    47 |       ||   101
         Tailslap          |       |     5 |    11 |     6 ||    22
         Punch             |       |       |     3 |       ||     3
         Scimitar          |       |       |    37 |    23 ||    60
 Invoke: Slouch            |       |       |     1 |     2 ||     3
    Use: Potion            |       |     1 |     1 |       ||     2
 Armour: Leather armour    |    12 |     5 |       |       ||    17
         Plate armour      |       |    28 |    72 |    28 ||   128
         Skin              |       |       |       |     1 ||     1
  Dodge: Dodged            |    18 |    28 |    95 |    38 ||   179

Table legend: (Time is in decaauts)
 A = Elapsed time spent in this place.
 B = Non-inter-level travel time spent in this place.
 C = Inter-level travel time spent in this place.
 D = Time resting spent in this place.
 E = Time spent auto-exploring this place.
 F = Levels seen in this place.
 G = Mean time per level.
                   A        B        C        D        E       F      G
               +--------+--------+--------+--------+--------+-----+--------+
         Total |   1386 |   1257 |    129 |    672 |      0 |   1 | 1386.0 |
       Dungeon |   1386 |   1257 |    129 |    672 |      0 |   1 | 1386.0 |
               +--------+--------+--------+--------+--------+-----+--------+

Top non-repeatable levels by time:
       D: 1386 daAuts
